 Dungeon Crawl Stone Soup version 0.31.0-12-g77e489cdc1 (webtiles) character file.

Game seed: 2551546174140782586

172 hawla the Shield-Bearer (level 5, -8/46 HPs)
             Began as a Minotaur Fighter on Feb 17, 2024.
             Mangled by an ogre
             ... wielding a +0 giant club
              (19 damage)
             ... on level 3 of the Dungeon.
             The game lasted 00:03:45 (2057 turns).

hawla the Shield-Bearer (Minotaur Fighter)          Turns: 2057, Time: 00:03:46

Health: -8/46      AC:  9    Str: 22    XL:     5   Next: 27%
Magic:  4/4        EV:  9    Int:  5    God:
Gold:   104        SH:  5    Dex: 10    Spells: 4/4 levels left

rFire   . . .        a - +0 war axe
rCold   . . .        c - +0 buckler
rNeg    . . .        g - +0 chain mail
rPois   .            (helmet restricted)
rElec   .            (no cloak)
rCorr   .            (no gloves)
SInv    .            (no boots)
Will    .....        (no amulet) Stlth
                     (no ring)
HPRegen 0.27/turn    (no ring)
MPRegen 0.09/turn

%: no passive effects
@: no status effects
A: horns 2, retaliatory headbutt
a: no special abilities


You were on level 3 of the Dungeon.
You visited 1 branch of the dungeon, and saw 3 of its levels.

You collected 104 gold pieces.

Inventory:

Hand Weapons
 a - a +0 war axe (weapon)
Missiles
 l - 11 poisoned darts (quivered)
Armour
 c - a +0 buckler (worn)
 g - a +0 chain mail (worn)
Scrolls
 h - a scroll of noise
 i - a scroll of revelation {unknown}
 j - a scroll of identify
 o - a scroll of vulnerability
Potions
 b - a potion of attraction {unknown}
 d - a potion of might
 e - a potion of resistance {unknown}
 f - 2 potions of heal wounds {unknown}
 k - a potion of invisibility {unknown}
 m - a potion of berserk rage {unknown}
 n - a potion of enlightenment {unknown}


   Skills:
 - Level 4.0 Fighting
 - Level 2.4 Axes
 - Level 3.6 Armour
 + Level 4.3 Dodging
 - Level 5.0 Shields


You had 4 spell levels left.
You didn't know any spells.
Your spell library was empty.

Dungeon Overview and Level Annotations

Branches:
Dungeon (3/15)

Altars:

Shops:
D:2 [


Innate Abilities, Weirdness & Mutations

You have a pair of horns on your head.
You reflexively headbutt those who attack you in melee.


Message History

No target in view!
A goblin comes into view. It is wielding a +0 club.
The goblin shouts!
A goblin is nearby!
The goblin barely misses you.
There is a stone staircase leading down here.
You barely miss the goblin. You headbutt the goblin.
You kill the goblin!
No target in view!
No target in view!
You now have 104 gold pieces (gained 12).
You open the door.
An ogre and 8 goblins come into view.
The goblin shouts!
The ogre shouts!
The goblin shouts! x6
Found 7 large rocks.
There are monsters nearby!
There are monsters nearby!
There are monsters nearby!
You slash the goblin!
You kill the goblin!
You slash the goblin!
You kill the goblin!
You closely miss the ogre.
You headbutt the ogre, but do no damage.
You barely miss the ogre. The ogre barely misses you. You furiously retaliate!
You headbutt the ogre! You barely miss the ogre. Your headbutt misses the ogre.
The ogre is moderately wounded.
The ogre hits you with a +0 giant club!
You closely miss the ogre.
The ogre is moderately wounded.
The ogre hits you with a +0 giant club!!
* * * LOW HITPOINT WARNING * * *
You are too injured to fight recklessly!
Unknown command.
As you read the scroll labelled XOICOG RETE, it crumbles to dust.
You hear a loud clanging noise!
It was a scroll of noise.
The ogre hits you with a +0 giant club!!
You die...

.#####..............##.###.######
### #.######.##.####.## ##......
#.# #.## #.##......# #.##### #.#
#..# ##.#######.## ##.# #.# #..#
#..#...#....###.## #.# #..#
#..#ggg#####...## #.####..#
#..#ggg ##.## .....#..# #..##O#
#.# ...#....# #....@# ##.##
........# ##.#..## ##...##
.#.#..### #.#.#.####.....##
.)....#######..###.##....<..#
##.##.#.......## ##.##...<.##
#.##........## ##.##.†.##
##.####.#####.## ##...#.†## >..#
#.# #..###.##.#.## #### #.#
#.#.#.##....# #


You could see an ogre and 6 goblins.

Vanquished Creatures
  Jessica (D:2)
  5 adders
  3 gnolls (D:2)
  3 dart slugs (D:1)
  An orc (D:3)
  10 endoplasms
  8 goblins
  6 hobgoblins
  10 kobolds
  A quokka (D:3)
  4 ball pythons
  6 bats
  3 frilled lizards
  4 rats
65 creatures vanquished.

Notes
Turn   | Place    | Note
-------+----------+-------------------------------------------
     0 | D:1      | hawla the Minotaur Fighter began the quest for the Orb.
     0 | D:1      | Reached XP level 1. HP: 19/19 MP: 0/0
    60 | D:1      | Found a faded altar of an unknown god.
    62 | D:1      | Reached skill level 4 in Shields
    81 | D:1      | Reached XP level 2. HP: 27/27 MP: 1/1
   544 | D:1      | Reached XP level 3. HP: 33/33 MP: 2/2
   643 | D:1      | Reached skill level 5 in Shields
   857 | D:2      | Found Yralie's Armour Emporium.
  1047 | D:2      | Reached skill level 1 in Dodging
  1051 | D:2      | Reached XP level 4. HP: 27/40 MP: 3/3
  1246 | D:2      | Noticed Jessica
  1256 | D:2      | Killed Jessica
  1715 | D:3      | Reached XP level 5. HP: 46/46 MP: 4/4
  2050 | D:3      | Noticed an ogre
  2057 | D:3      | Mangled by an ogre

Illustrated notes

Levels and vault maps discovered:
D:1:      lightli_arrival_boilingwater, layout_loops_ring,
          chequers_ecumenical_altar_twisty
D:2:      layout_loops_corners, serial_shops, shop, uniq_jessica
D:3:      minmay_general_purpose_star, layout_loops_ring, minmay_ogre_servants

Skill      XL: |  1  2  3  4  5 |
---------------+----------------+-----
Fighting       | 4 |  4.0
Shields        | 4 5 |  5.0
Dodging        | 2 3 4 |  4.3
Axes           | |  2.4
Armour         | |  3.6

Action                     |  1- 3 |  4- 6 || total
---------------------------+-------+-------++-------
  Melee: War axe           |    73 |    60 ||   133
         Headbutt          |     9 |    13 ||    22
    Use: Scroll            |       |     5 ||     5
 Armour: Scale mail        |    32 |       ||    32
         Chain mail        |    31 |    44 ||    75
  Dodge: Dodged            |    33 |    25 ||    58
  Block: Buckler           |    21 |    11 ||    32
